 Dungeon Crawl Stone Soup version 0.30-a0-726-gd89dcf765f (webtiles) character file.

Game seed: 16558577344816774836

69 demibob the Chopper (level 4, 0/39 HPs)
             Began as a Hill Orc Fighter on Jan 30, 2023.
             Slain by a gnoll
             ... wielding a +0 spear
              (5 damage)
             ... on level 2 of the Dungeon.
             The game lasted 00:01:25 (762 turns).

demibob the Chopper (Hill Orc Fighter)               Turns: 762, Time: 00:01:25

Health: 0/39       AC:  6    Str: 20    XL:     4   Next: 20%
Magic:  4/4        EV:  9    Int:  8    God:
Gold:   83         SH:  0    Dex: 10    Spells: 3/3 levels left

rFire   + . .      SeeInvis .    a - +0 war axe
rCold   + . .      Faith    .    (no shield)
rNeg    . . .      Spirit   .    b - +0 scale mail
rPois   +          Reflect  .    (no helmet)
rElec   +          Harm     .    (no cloak)
rCorr   +          Rampage  .    (no gloves)
Will    .....                    (no boots) Stlth
                                 (no amulet)
HPRegen 0.26/turn                (no ring)
MPRegen 0.09/turn                (no ring)

@: mighty, resistant, hasted, very quick
A: no striking features
a: no special abilities


You were on level 2 of the Dungeon.
You visited 1 branch of the dungeon, and saw 2 of its levels.

You collected 83 gold pieces.


   Skills:
 - Level 3.6 Fighting
 + Level 5.8 Axes
 - Level 3.2 Armour
 - Level 3.2 Shields


You had 3 spell levels left.
You didn't know any spells.
Your spell library contained the following spells:

 Spells                   Type           Power      Damage    Failure   Level
 Summon Small Mammal      Summ           0%         N/A       77%         1
 Call Canine Familiar     Summ           0%         N/A       98%         3
 Ignite Poison            Fire/Tmut/Pois 0%         N/A       98%         3
 Summon Guardian Golem    Hex/Summ       0%         N/A       98%         3
 Anguish                  Hex/Necr       0%         N/A       100%        4
 Silence                  Hex/Air        0%         N/A       100%        5
 Eringya's Noxious Bog    Tmut/Pois      0%         N/A       100%        6

Inventory:

Hand Weapons
 a - a +0 war axe (weapon)
Armour
 b - a +0 scale mail (worn)
Scrolls
 c - a scroll of enchant weapon {unknown}

Dungeon Overview and Level Annotations

Branches:
Dungeon (2/15)

Altars:

Shops:
D:1

* #..............
#..............#
#..............# .
...............+ ..
...............# ...
...............# ....
#..#........... b....
...........########w.....
...........'.gg@)hbJ.....
...........########......
............# .....
............# ....
............# ###
...........##
...........# #######
...........# ##......#
...........# #.......'


You could see a worm, 2 gnolls, an endoplasm, a jackal and a bat.


Message History

The bat misses you.
You slash the goblin!
You kill the goblin!
You miss the bat. The bat hits you but does no damage.
The frilled lizard barely misses you.
Items here: $ )) †.
You barely miss the frilled lizard. You barely miss the jackal.
The jackal bites you.
* * * LOW HITPOINT WARNING * * *
You slash the frilled lizard!
You kill the frilled lizard!
You closely miss the jackal.
The gnoll hits you from afar with a +0 spear.
* * * LOW HITPOINT WARNING * * *
The jackal barely misses you. The gnoll hits you but does no damage.
You see here a frilled lizard corpse.
You slash the gnoll!
You kill the gnoll!
You barely miss the jackal.
The jackal bites you but does no damage.
You barely miss the gnoll. You barely miss the jackal.
The jackal bites you but does no damage.
The gnoll barely misses you.
You hit the gnoll.
The gnoll is moderately wounded.
You slash the jackal!
You kill the jackal!
The gnoll hits you from afar with a +0 spear.
You die...

Skill      XL: |  1  2  3 |
---------------+----------+-----
Axes           | 3 4 5 |  5.8
Fighting       | |  3.6
Armour         | |  3.2
Shields        | |  3.2

Action                     |  1- 3 |  4- 6 || total
---------------------------+-------+-------++-------
  Melee: War axe           |    90 |     7 ||    97
    Use: Potion            |     5 |       ||     5
 Armour: Scale mail        |    57 |     5 ||    62
  Dodge: Dodged            |    68 |     4 ||    72

Levels and vault maps discovered:
D:1:      moated_graveyard_arrival, layout_rooms, serial_shops,
          nicolae_shop_advertising_works [nicolae_subvault_shop_adworks]
D:2:      layout_basic

Notes
Turn   | Place    | Note
-------+----------+-------------------------------------------
     0 | D:1      | demibob the Hill Orc Fighter began the quest for the Orb.
     0 | D:1      | Reached XP level 1. HP: 19/19 MP: 1/1
    38 | D:1      | Reached skill level 3 in Axes
    56 | D:1      | Found Cughe's Assorted Antiques.
    69 | D:1      | Reached XP level 2. HP: 26/26 MP: 2/2
   166 | D:1      | Reached skill level 4 in Axes
   273 | D:1      | Got the Incunabulum of Nocuous Bad Luck
   436 | D:1      | Reached XP level 3. HP: 31/31 MP: 3/3
   719 | D:2      | Reached skill level 5 in Axes
   737 | D:2      | HP: 1/31 [gnoll/+0 spear (5)]
   747 | D:2      | Identified a potion of resistance
   754 | D:2      | Reached XP level 4. HP: 10/39 MP: 4/4
   762 | D:2      | Slain by a gnoll

Vanquished Creatures
  2 gnolls (D:2)
  An adder (D:2)
  2 dart slugs
  4 bats
  2 endoplasms
  5 giant cockroaches
  2 goblins (D:2)
  A hobgoblin (D:1)
  5 jackals
  4 kobolds
  2 quokkas (D:1)
  2 ball pythons (D:1)
  3 frilled lizards
  A rat (D:1)
36 creatures vanquished.

Table legend: (Time is in decaauts)
 A = Elapsed time spent in this place.
 B = Non-inter-level travel time spent in this place.
 C = Inter-level travel time spent in this place.
 D = Time resting spent in this place.
 E = Time spent auto-exploring this place.
 F = Levels seen in this place.
 G = Mean time per level.
                   A        B        C        D        E       F      G
               +--------+--------+--------+--------+--------+-----+--------+
         Total |    782 |    747 |     35 |      0 |    503 |   2 |  391.0 |
       Dungeon |    782 |    747 |     35 |      0 |    503 |   2 |  391.0 |
               +--------+--------+--------+--------+--------+-----+--------+

Top non-repeatable levels by time:
     D:1: 644 daAuts
     D:2: 137 daAuts

Table legend:
 A = Non-vault XP
 B = Vault XP
 C = Vault XP percentage of total XP
 D = Non-vault monster count
 E = Vault monster count
 F = Vault count percentage of total count
                 A         B        C        D         E       F
            +---------+---------+-------+---------+---------+-------
      Total |     101 |       0 |   0.0 |      36 |       0 |   0.0
            +---------+---------+-------+---------+---------+-------
        D:1 |      40 |       0 |   0.0 |      22 |       0 |   0.0
        D:2 |      61 |       0 |   0.0 |      14 |       0 |   0.0
            +---------+---------+-------+---------+---------+-------
